 Dungeon Crawl Stone Soup version 0.17.1-1-g73c8601 (webtiles) character file.

4512 PossumBlood the Carver (level 10, -6/80 HPs)
             Began as a Formicid Fighter on Dec 11, 2015.
             Was a Follower of Makhleb.
             Mangled by a red ugly thing (12 damage)
             ... on level 8 of the Dungeon.
             The game lasted 00:28:16 (9601 turns).

PossumBlood the Carver (Formicid Fighter)           Turns: 9601, Time: 00:28:17

Health: -6/80      AC: 19    Str: 28    XL:     10   Next: 65%
Magic:  10/10      EV:  7    Int:  9    God:    Makhleb [*.....]
Gold:   395        SH: 12    Dex: 10    Spells: 0 memorised, 9 levels left

rFire  . . .     SeeInvis +     a - +0 long sword (flame)
rCold  . . .     Clarity  .     v - +1 plate armour
rNeg   . . .     SustAt   .     c - +0 shield
rPois  .         Gourm    .     (helmet unavailable)
rElec  .         Spirit   .     (no cloak)
rCorr  .         Warding  .     g - +0 pair of gloves
rMut   .         Stasis   +     u - +0 pair of boots
MR     ++...                    (no amulet)
Stlth  ..........               b - +2 ring of protection
                                J - ring of protection from magic

@: mighty, invisible, very resistant to hostile enchantments, extremely
unstealthy
A: permanent stasis, dig shafts and tunnels, four strong arms, antennae 3
a: Dig, Shaft Self, Renounce Religion


You were on level 8 of the Dungeon.
You worshipped Makhleb.
Makhleb was aware of your devotion.
You were not hungry.

You visited 2 branches of the dungeon, and saw 9 of its levels.
You also visited: Sewer.

You collected 395 gold pieces.

Inventory:

Hand Weapons
 a - a +0 long sword of flaming (weapon)
 s - a +0 long sword
Missiles
 A - 5 tomahawks (quivered)
Armour
 c - a +0 shield (worn)
 g - a +0 pair of gloves (worn)
 u - a +0 pair of boots (worn)
 v - a +1 plate armour (worn)
Jewellery
 b - a +2 ring of protection (right hand)
 r - an uncursed ring of wizardry
 F - an uncursed ring of ice
 J - a ring of protection from magic (left hand)
 K - an uncursed ring of stealth
Wands
 e - a wand of paralysis (10)
Scrolls
 f - 3 scrolls of remove curse
Potions
 i - 3 potions of curing
 l - 2 potions of flight
 n - 2 potions of brilliance
 z - a potion of mutation
 C - a potion of magic
Books
 y - a Fen Folio

   Spells                             Type                      Level
   a - Corpse Rot                     Necromancy                   2
   b - Stone Arrow                    Conjuration/Earth            3
   c - Leda's Liquefaction            Hexes/Earth                  4
   d - Summon Forest                  Summoning/Translocation      5
   e - Hydra Form                     Transmutation                6
   f - Summon Hydra                   Summoning                    7
 B - a Necronomicon

   Spells                             Type                      Level
   a - Haunt                          Necromancy/Summoning         7
   b - Borgnjor's Revivification      Necromancy                   8
   c - Death's Door                   Charms/Necromancy            8
   d - Necromutation                  Transmutation/Necromancy     8
Comestibles
 t - a bread ration
 w - 3 meat rations


   Skills:
 + Level 7.9 Fighting
 * Level 9.8 Long Blades
 + Level 7.9 Armour
 + Level 8.7 Shields


You had 9 spell levels left.
You didn't know any spells.

Dungeon Overview and Level Annotations

Branches:
Dungeon (8/15)             Temple (1/1) D:6
   Lair: D:8-11

Altars:
Ashenzari
Cheibriados
Dithmenos
Elyvilon
Fedhas
Gozag
Kikubaaqudgha
Makhleb
Nemelex Xobeh
Okawaru
Qazlal
Ru
Sif Muna
Trog
Vehumet
Xom
Yredelemnul
Zin
The Shining One


Innate Abilities, Weirdness & Mutations

You are under a permanent stasis effect.
You can dig through walls and to a lower floor.
Your four strong arms can wield two-handed weapons with a shield.
You have a pair of large antennae on your head (SInv).


Message History

The red ugly thing is lightly wounded.
The hippogriff screeches!
You hear a shout!
The red ugly thing gores you!
You are engulfed in flames!
* * * LOW HITPOINT WARNING * * *
You hit the red ugly thing.
The red ugly thing is lightly wounded.
The red ugly thing gores you but does no damage.
Drink which item? (? for menu, Esc to quit)
You feel much better.
The red ugly thing gores you but does no damage.
Drink which item? (? for menu, Esc to quit)
You feel very mighty all of a sudden. The red ugly thing gores you!
You are engulfed in flames!!
* * * LOW HITPOINT WARNING * * *
Drink which item? (? for menu, Esc to quit)
You fade into invisibility!
The red ugly thing gores you.
* * * LOW HITPOINT WARNING * * *
You are engulfed in flames!
You die...

..........###.....###....#
#########.# ###.### #....#
### #..# #....# ##'#
###### ##.## #...# ## #
####.#### #.
#%##5##.##.##.# #.
#...Yu@.....).# #.
#)##H##.##.##.# ## #
####.#### # #..[# # #####
# # # { # #


You could see a red ugly thing, a yak, a hippogriff and a shadow imp.

Vanquished Creatures
  Pikel (D:4)
  The ghost of Clownie the Changer, a novice OpTm (D:3)
  Joseph (D:7)
  A kobold demonologist (Sewer)
  A two-headed ogre (D:8)
  An orc warrior (D:8)
  A black bear (D:7)
  An ice beast (D:6)
  The ghost of Dickchan the Ruffian, an amateur DrMo (D:4)
  3 ogres
  3 big kobolds
  3 centaurs (D:8)
  3 giant frogs
  3 killer bees (D:7)
  A water moccasin skeleton (D:6)
  3 scorpions
  An electric eel (D:8)
  2 crimson imps
  4 orc priests
  2 hounds
  3 jellies
  2 orc wizards (D:8)
  2 giant frog skeletons
  4 iguanas
  9 worker ants
  3 big kobold zombies (Sewer)
  A hound skeleton (D:6)
  12 adders
  2 river rats (D:3)
  4 shadow imps (Sewer)
  2 ufetubi (Sewer)
  3 oozes
  An adder zombie (D:5)
  11 worms
  2 adder skeletons
  6 giant geckos
  20 orcs
  8 giant cockroaches
  11 hobgoblins
  7 jackals
  38 kobolds
  8 quokkas
  5 ball pythons
  4 bats
  A giant cockroach zombie (Sewer)
  5 giant newts
  5 goblins
  11 rats
  3 plants (D:4)
230 creatures vanquished.

Vanquished Creatures (others)
  Grinder (Sewer)
  A worker ant (D:4)
  An ooze (Sewer)
  2 orcs (D:4)
  A jackal (D:4)
  5 kobolds (D:4)
  A plant (D:4)
12 creatures vanquished.

Grand Total: 242 creatures vanquished

Notes
Turn   | Place    | Note
--------------------------------------------------------------
     0 | D:1      | PossumBlood the Formicid Fighter began the quest for the Orb.
     0 | D:1      | Reached XP level 1. HP: 18/18 MP: 1/1
   149 | D:1      | Reached XP level 2. HP: 24/24 MP: 2/2
   454 | D:1      | Reached XP level 3. HP: 27/29 MP: 3/3
   856 | D:2      | Reached skill level 4 in Shields
   856 | D:2      | Reached XP level 4. HP: 37/37 MP: 4/4
  1642 | D:3      | Reached XP level 5. HP: 21/42 MP: 5/5
  1809 | D:3      | Found a glowing drain.
  1861 | Sewer    | Entered a sewer
  2113 | Sewer    | Reached XP level 6. HP: 45/48 MP: 6/6
  2307 | Sewer    | Found a burning altar of Makhleb.
  2327 | Sewer    | Reached skill level 5 in Shields
  2414 | Sewer    | Noticed Grinder
  2432 | Sewer    | Killed Grinder
  2432 | Sewer    | Reached XP level 7. HP: 8/55 MP: 7/7
  2786 | Sewer    | Noticed an apprentice kobold demonologist
  2794 | Sewer    | Reached skill level 5 in Long Blades
  2797 | Sewer    | Killed an apprentice kobold demonologist
  2797 | Sewer    | Reached skill level 5 in Fighting
  2797 | Sewer    | Reached skill level 5 in Armour
  2797 | Sewer    | Reached XP level 8. HP: 49/62 MP: 8/8
  3300 | D:3      | Noticed Clownie's ghost (novice OpTm)
  3323 | D:3      | Killed Clownie's ghost
  3323 | D:3      | Reached skill level 6 in Long Blades
  3993 | D:4      | Noticed Dickchan's ghost (amateur DrMo)
  4040 | D:4      | Killed Dickchan's ghost
  4270 | D:4      | Noticed Pikel
  4297 | D:4      | Killed Pikel
  4297 | D:4      | Reached skill level 7 in Long Blades
  4297 | D:4      | Reached XP level 9. HP: 52/71 MP: 9/9
  4719 | D:4      | Found an iron altar of Okawaru.
  5191 | D:5      | Entered Level 5 of the Dungeon
  5456 | D:5      | Found a snail-covered altar of Cheibriados.
  5558 | D:5      | Reached skill level 8 in Long Blades
  5720 | D:5      | Found a sacrificial altar of Ru.
  6221 | D:6      | Found a stormy altar of Qazlal.
  6696 | D:6      | Found a shimmering altar of Xom.
  6701 | D:6      | Found a blossoming altar of Fedhas.
  6728 | D:6      | Found an opulent altar of Gozag.
  6840 | D:6      | Found a staircase to the Ecumenical Temple.
  6850 | Temple   | Entered the Ecumenical Temple
  6932 | Temple   | Became a worshipper of Makhleb the Destroyer
  6999 | D:7      | Noticed Joseph
  7015 | D:7      | Killed Joseph
  7015 | D:7      | Reached XP level 10. HP: 31/79 MP: 10/10
  7558 | D:7      | Found a shadowy altar of Dithmenos.
  7631 | D:7      | Reached skill level 9 in Long Blades
  8327 | D:8      | Reached * piety under Makhleb
  9194 | D:8      | Found a snail-covered altar of Cheibriados.
  9589 | D:8      | Noticed a red ugly thing
  9601 | D:8      | Mangled by a red ugly thing

Action                   |  1- 3 |  4- 6 |  7- 9 | 10-12 || total
-------------------------+-------+-------+-------+-------++-------
Melee: Long sword        |    93 |   251 |   578 |   228 ||  1150
  Use: Potion            |       |     1 |     3 |     4 ||     8
       Scroll            |       |       |       |    19 ||    19
  Eat: Bread ration      |       |     1 |     1 |     1 ||     3
       Pizza             |       |     1 |       |       ||     1
       Fruit             |       |       |     5 |     2 ||     7
       Meat ration       |       |       |     1 |     1 ||     2
       Beef jerky        |       |       |     1 |       ||     1
